[Event "Titled Tuesday Blitz May 16 Late 2023"]
[White "Theytookourjobs"]
[Black "Grycel, Kamil"]
[BlackFideId "1115499"]
[WhiteElo "2329"]
[BlackElo "2517"]
[Result "0-1"]
[Round "02"]
[TimeControl "180+2"]
[Date "2023.05.16"]
[WhiteClock "0:00:21"]
[BlackClock "0:00:30"]

1. d4 d6 2. Bf4 Nf6 3. Nf3 Bg4 4. e3 c6 5. h3 Bh5 6. Nbd2 d5 7. Be2 e6 8. Ne5 Bxe2 9. Qxe2 Nbd7 10. O-O Nxe5 11. Bxe5 Be7 12. c3 a6 13. f4 O-O 14. f5 c5 15. g4 Nd7 16. Bg3 Qb6 17. Rab1 Rae8 18. fxe6 Qxe6 19. Nf3 h6 20. Rbe1 Bd6 21. Qh2 Bxg3 22. Qxg3 Nf6 23. Ne5 Ne4 24. Qf4 f6 25. Ng6 Rf7 26. Nh4 g5 27. Qf5 gxh4 28. Qg6+ Rg7 29. Qxh6 Ng3 30. Rf3 Rf8 31. Qxh4 Ne4 32. Ref1 Ng5 33. Rg3 Rh7 0-1


[Site "https://www.chess.com"]

[Event "Titled Tuesday Blitz May 16 Late 2023"]
[White "Peatman, Carter"]
[Black "Hajiyev, Kanan"]
[WhiteFideId "2096480"]
[BlackFideId "13404148"]
[WhiteElo "2003"]
[BlackElo "2103"]
[Result "1-0"]
[Round "02"]
[TimeControl "180+2"]
[Date "2023.05.16"]
[WhiteClock "0:00:10"]
[BlackClock "0:00:23"]

1. d4 Nf6 2. Bf4 c5 3. e3 cxd4 4. exd4 d5 5. Bd3 Nc6 6. c3 Bg4 7. Qb3 Qd7 8. Nd2 e6 9. Ngf3 Bd6 10. Bxd6 Qxd6 11. Qxb7 O-O 12. Qa6 Rfb8 13. Rb1 Rb6 14. Qa4 e5 15. dxe5 Nxe5 16. Be2 Bf5 17. Rd1 Rxb2 18. O-O Bc2 19. Qd4 Nxf3+ 20. Bxf3 Bxd1 21. Nc4 Qb8 22. Rxd1 dxc4 23. Bxa8 h5 24. Bf3 Rxa2 25. Qxc4 Rb2 26. h3 Qb6 27. Qc8+ Kh7 28. Qf5+ g6 29. Qg5 Qxf2+ 30. Kh1 Qb6 31. Qe5 a5 32. Qe7 Kg7 33. Rd6 Rb1+ 34. Kh2 Qg1+ 35. Kg3 Qe1+ 36. Qxe1 Rxe1 37. Ra6 Re5 38. c4 Rc5 39. Kf2 Nd7 40. Ke3 Rxc4 41. Rxa5 Rc5 42. Ra7 Nf6 43. Kf2 Rc2+ 44. Kg3 Rc3 45. Kh2 g5 46. Ra5 Kg6 47. Be2 Rc2 48. Bd3+ Kg7 49. Bxc2 Nd7 50. Bf5 Nb6 51. Be4 Nc4 52. Rxg5+ Kf6 53. Rxh5 Nd2 54. Rf5+ Kg6 55. Bd3 Kg7 56. Rf2 Nb3 57. Rf3 Nd4 58. Rg3+ Kf6 59. Bf1 Ke5 60. Bd3 f5 61. Bxf5 Nxf5 62. Rg5 Kf4 63. Rxf5+ Kxf5 64. h4 Kg6 65. g3 Kh5 66. Kh3 Kg6 67. g4 Kh6 68. g5+ Kg6 69. Kg3 Kh5 70. Kh3 Kg6 71. Kg4 Kh7 72. h5 Kg7 73. Kf5 Kh7 74. Kf6 Kg8 75. g6 Kh8 76. h6 Kg8 77. g7 Kh7 78. Kf7 Kxh6 79. g8=Q Kh5 80. Qg3 Kh6 81. Qh4# 1-0


[Site "https://www.chess.com"]

[Event "Titled Tuesday Blitz May 16 Late 2023"]
[White "Becerra, Juan David"]
[Black "Szente Varga, Fruzsina"]
[WhiteFideId "4404998"]
[BlackFideId "712264"]
[WhiteElo "2304"]
[BlackElo "1994"]
[Result "0-1"]
[Round "02"]
[TimeControl "180+2"]
[Date "2023.05.16"]
[WhiteClock "0:00:34"]
[BlackClock "0:01:02"]

1. e4 Nf6 2. e5 Nd5 3. c4 Nb6 4. d4 d6 5. exd6 exd6 6. Nc3 Be7 7. Bd3 O-O 8. Nge2 Bf6 9. O-O Re8 10. b3 Nc6 11. d5 Nb4 12. Be3 Bg4 13. Qd2 Nxd3 14. Qxd3 Bxe2 15. Nxe2 Bxa1 16. Rxa1 Qf6 17. Rd1 Nd7 18. h3 Ne5 19. Qd2 Qg6 20. Kh1 h6 21. Nd4 Qh5 22. f4 Ng4 23. Bg1 Nf6 24. Qd3 Re4 25. Nb5 Re7 26. Bd4 a6 27. Bxf6 gxf6 28. Nd4 Rae8 29. Nf3 Re3 30. Qd4 Rxf3 31. gxf3 Qxf3+ 32. Kg1 Re2 0-1


[Site "https://www.chess.com"]

[Event "Titled Tuesday Blitz May 16 Late 2023"]
[White "Roman, Rodrigo"]
[Black "Estrada Nieto, Julian"]
[WhiteFideId "3701220"]
[BlackFideId "5101018"]
[WhiteElo "1995"]
[BlackElo "2161"]
[Result "1-0"]
[Round "02"]
[TimeControl "180+2"]
[Date "2023.05.16"]
[WhiteClock "0:00:11"]
[BlackClock "0:00:08"]

1. Nf3 d5 2. b3 Nf6 3. Bb2 Bg4 4. e3 Nbd7 5. d4 e6 6. Bd3 Bd6 7. Nbd2 O-O 8. O-O a5 9. a3 c6 10. e4 dxe4 11. Nxe4 Nxe4 12. Bxe4 Be7 13. h3 Bh5 14. c4 Nf6 15. Bc2 c5 16. dxc5 Bxc5 17. Qe2 Qe7 18. Qd3 Bg6 19. Qc3 Bxc2 20. Qxc2 h6 21. Rfe1 Rfd8 22. Nh4 Ng4 23. Nf5 Qg5 24. hxg4 exf5 25. Re5 Rd2 26. Qxf5 Bxf2+ 27. Qxf2 Rxf2 28. Rxg5 Rxb2 29. Rb5 Rd8 30. g5 h5 31. Kh2 Rd3 32. b4 a4 33. Rxb7 h4 34. c5 Rg3 35. Rg1 Rxa3 36. c6 Rc3 37. b5 Kh7 38. c7 a3 39. b6 a2 40. Ra1 Rcc2 41. Rb8 Rxg2+ 42. Kh3 Rh2+ 43. Kg4 Kg6 44. c8=Q Rbg2+ 45. Kf4 Rf2+ 46. Ke3 Re2+ 47. Kd3 Rd2+ 48. Ke4 Rhe2+ 49. Kf4 Rf2+ 50. Kg4 Rd4+ 51. Kh3 Rd3+ 52. Kxh4 Rf4+ 53. Qg4 Rxg4+ 54. Kxg4 Rb3 55. Rxa2 Rb4+ 56. Kf3 Kxg5 57. b7 f5 58. Ra7 Rb3+ 59. Ke2 g6 60. Re8 Rb2+ 61. Kd1 Kf4 62. b8=Q+ Rxb8 63. Rxb8 g5 64. Rb4+ Kg3 65. Ra3+ Kh2 66. Rb2+ Kg1 67. Ra1 Kf1 68. Re2 f4 69. Kd2# 1-0


[Site "https://www.chess.com"]

[Event "Titled Tuesday Blitz May 16 Late 2023"]
[White "Perske, Thore"]
[Black "Celestino, Rafael Teixeira"]
[WhiteFideId "12902195"]
[BlackFideId "2108925"]
[WhiteElo "2336"]
[BlackElo "2319"]
[Result "1-0"]
[Round "02"]
[TimeControl "180+2"]
[Date "2023.05.16"]
[WhiteClock "0:00:44"]
[BlackClock "0:01:47"]

1. d4 Nf6 2. g3 e6 3. Bg2 c5 4. Nf3 cxd4 5. Nxd4 Nc6 6. O-O Bc5 7. Nb3 Bb6 8. c4 h5 9. Bg5 a6 10. Nc3 Qc7 11. c5 Ba7 12. Bf4 Qd8 13. Na4 h4 14. Qd2 hxg3 15. hxg3 Ng4 16. Qc3 Qf6 17. Qxf6 Nxf6 18. Rfd1 Nh5 19. Bd6 g6 20. Bf3 Ng7 21. e4 Kd8 22. Nb6 Bxb6 23. cxb6 Ne8 24. e5 Nxd6 25. exd6 Ne5 26. Be2 g5 27. Rac1 Ke8 28. Kg2 f6 29. Rh1 Rf8 30. Rh7 Rf7 31. Bh5 Kf8 32. Bxf7 Nxf7 33. Rd1 a5 34. Nc5 a4 35. Nxe6+ dxe6 36. d7 Bxd7 37. Rxd7 Ne5 38. Rh8# 1-0


[Site "https://www.chess.com"]

[Event "Titled Tuesday Blitz May 16 Late 2023"]
[White "WindWhistler11"]
[Black "Xavier_mompel"]
[WhiteElo "2508"]
[BlackElo "2319"]
[Result "1-0"]
[Round "02"]
[TimeControl "180+2"]
[Date "2023.05.16"]
[WhiteClock "0:00:05"]
[BlackClock "0:00:00"]

1. Nf3 d5 2. c4 c6 3. g3 Nf6 4. Bg2 e6 5. b3 Nbd7 6. O-O Bd6 7. e3 O-O 8. Qe2 Qe7 9. Bb2 Re8 10. a3 a5 11. Nc3 b6 12. d3 Ba6 13. Rfd1 Rab8 14. e4 dxe4 15. dxe4 e5 16. Nh4 g6 17. Qd2 Bc5 18. Qg5 Kh8 19. Na4 Bxf2+ 20. Kh1 Bc5 21. Nxc5 Nxc5 22. Rf1 Nfxe4 23. Qe3 f5 24. b4 Na4 25. Qh6 Qg7 26. Qxg7+ Kxg7 27. Bc1 Bxc4 28. Re1 Bd5 29. Nf3 Rbd8 30. bxa5 bxa5 31. Be3 Rd7 32. Rac1 Rde7 33. Ng5 Nxg5 34. Bxg5 Bxg2+ 35. Kxg2 Rc7 36. Bf4 Rce7 37. Bd2 Re6 38. Bxa5 Nb2 39. Rc3 Na4 40. Rc4 Nb2 41. Rc3 Na4 42. Rc2 e4 43. Rc4 Nb2 44. Bc3+ Kg8 45. Bxb2 Rd6 46. Bc3 Rd3 47. Rxc6 e3 48. Rc7 e2 49. Rg7+ Kf8 50. Rc7 Kg8 51. Kf2 Red8 52. Rg7+ Kf8 53. Rc7 1-0


[Site "https://www.chess.com"]

[Event "Titled Tuesday Blitz May 16 Late 2023"]
[White "Onslow, Alfie"]
[Black "Ismayil, Malak"]
[WhiteFideId "436976"]
[BlackFideId "13412604"]
[WhiteElo "2114"]
[BlackElo "1868"]
[Result "1/2-1/2"]
[Round "02"]
[TimeControl "180+2"]
[Date "2023.05.16"]
[WhiteClock "0:00:07"]
[BlackClock "0:00:08"]

1. Nf3 Nf6 2. c4 e6 3. g3 d5 4. d4 dxc4 5. Bg2 Nc6 6. O-O Be7 7. e3 O-O 8. Qc2 a6 9. Qxc4 Bd7 10. Rd1 Rc8 11. Nc3 Na5 12. Qe2 c5 13. dxc5 Bxc5 14. Ne5 Qc7 15. Nxd7 Nxd7 16. Ne4 Be7 17. Bd2 Nc6 18. Bc3 Rfd8 19. Qg4 Nde5 20. Qh5 Ng6 21. Ng5 Bxg5 22. Qxg5 h6 23. Qh5 Nce7 24. h4 Nf5 25. Qg4 Ne5 26. Qf4 Nd3 27. Qg4 Ne5 28. Qf4 Ng6 29. Qxc7 Rxd1+ 30. Rxd1 Rxc7 31. Rd8+ Kh7 32. Be4 h5 33. Rb8 Nd6 34. Bd3 f6 35. Rd8 Nf7 36. Rd4 e5 37. Rc4 Rd7 38. Be4 Nd6 39. Rb4 Nxe4 40. Rxe4 Ne7 41. Rb4 Nd5 42. Rb3 Nxc3 43. Rxc3 Kg6 44. Kg2 Kf5 45. Kf3 Ke6 46. Ke2 g6 47. Rb3 Rc7 48. Rb6+ Kf5 49. Kf3 e4+ 50. Kg2 Ke5 51. a4 Rd7 52. a5 Kf5 53. b4 Rc7 54. b5 axb5 55. Rxb5+ Ke6 56. Rb6+ Ke7 57. Rb4 f5 58. Rb6 Kf7 59. Kf1 Rd7 60. Ke2 Re7 61. Kd2 Rc7 62. Rb5 Ke6 63. Rb6+ Kf7 64. Kd1 Kg7 65. Kd2 Kf7 1/2-1/2


[Site "https://www.chess.com"]

[Event "Titled Tuesday Blitz May 16 Late 2023"]
[White "Stork, Oliver"]
[Black "Silvestre, Christian"]
[WhiteFideId "12955728"]
[BlackFideId "30956269"]
[WhiteElo "2239"]
[BlackElo "2310"]
[Result "0-1"]
[Round "02"]
[TimeControl "180+2"]
[Date "2023.05.16"]
[WhiteClock "0:00:53"]
[BlackClock "0:00:21"]

1. e4 c5 2. Nc3 e6 3. Nge2 a6 4. g3 b5 5. Bg2 Bb7 6. O-O b4 7. Nb1 d6 8. d4 cxd4 9. Nxd4 Nd7 10. Nd2 Qc7 11. b3 Qc3 12. Nc4 Qxa1 13. Nb2 Rc8 14. Qh5 Nc5 15. f4 g6 16. Qh3 Bg7 17. e5 Bxg2 18. Qxg2 dxe5 19. fxe5 Bxe5 20. Qf2 Nf6 21. Bf4 Nce4 22. Rxa1 Nxf2 23. Bxe5 N2g4 24. Bxf6 Nxf6 25. Nc4 Ke7 26. Rf1 Rhd8 27. Rf4 Nd5 28. Re4 Nc3 29. Rh4 Rxd4 0-1


[Site "https://www.chess.com"]

[Event "Titled Tuesday Blitz May 16 Late 2023"]
[White "Einarsson, Halldor Gretar"]
[Black "Sliwicki, Damian"]
[WhiteFideId "2300150"]
[BlackFideId "1127128"]
[WhiteElo "2110"]
[BlackElo "2030"]
[Result "0-1"]
[Round "02"]
[TimeControl "180+2"]
[Date "2023.05.16"]
[WhiteClock "0:01:04"]
[BlackClock "0:01:37"]

1. d4 Nf6 2. c4 e5 3. dxe5 Ng4 4. Nf3 Nc6 5. a3 Ngxe5 6. e3 Be7 7. Be2 O-O 8. O-O d6 9. Nc3 Bg4 10. b3 Bf6 11. Bb2 Re8 12. Ra2 Nxf3+ 13. Bxf3 Bxf3 14. Qxf3 Qd7 15. Nd5 Bxb2 16. Rxb2 Re6 17. Qg4 Ne5 18. Qg3 Rae8 19. Rd2 Rg6 20. Qh4 Nf3+ 0-1


[Site "https://www.chess.com"]

[Event "Titled Tuesday Blitz May 16 Late 2023"]
[White "Seletsky, Grigory"]
[Black "Fajdetic, Hrvoje"]
[WhiteFideId "14112191"]
[BlackFideId "14501945"]
[WhiteElo "2491"]
[BlackElo "2185"]
[Result "1-0"]
[Round "02"]
[TimeControl "180+2"]
[Date "2023.05.16"]
[WhiteClock "0:01:08"]
[BlackClock "0:00:00"]

1. e4 e6 2. Nf3 d5 3. Nc3 dxe4 4. Nxe4 Nd7 5. d4 Ngf6 6. Bd3 Nxe4 7. Bxe4 Nf6 8. Bd3 c5 9. O-O cxd4 10. Nxd4 Bc5 11. Nb3 Bd6 12. c4 Qc7 13. h3 b6 14. Nd4 a6 15. b3 Bb7 16. Bb2 Rd8 17. Qe2 Bh2+ 18. Kh1 Be5 19. Nb5 axb5 20. Bxe5 Qc6 21. f3 bxc4 22. Bxc4 O-O 23. a4 Nd7 24. Bb2 Qd6 25. Rad1 Qg3 26. Qf2 Qxf2 27. Rxf2 Nc5 28. Rfd2 Rxd2 29. Rxd2 Re8 30. Be5 f6 31. Bc7 Bd5 32. Bxd5 exd5 33. Bxb6 Nxb3 34. Rxd5 Re1+ 35. Kh2 Ra1 36. a5 Kf7 37. Rb5 Nd2 38. Kg3 g5 39. h4 h6 40. hxg5 hxg5 41. Bd8 Ra2 42. Rb7+ Kg6 43. Rb6 1-0


[Site "https://www.chess.com"]

[Event "Titled Tuesday Blitz May 16 Late 2023"]
[White "Mikayel99"]
[Black "Ollier, Pablo"]
[BlackFideId "652318"]
[WhiteElo "2307"]
[BlackElo "2500"]
[Result "1/2-1/2"]
[Round "02"]
[TimeControl "180+2"]
[Date "2023.05.16"]
[WhiteClock "0:00:30"]
[BlackClock "0:00:04"]

1. e4 e5 2. Nf3 Nc6 3. Bb5 a6 4. Ba4 d6 5. O-O Bg4 6. h3 h5 7. Bxc6+ bxc6 8. d4 Bxf3 9. Qxf3 exd4 10. c3 Qf6 11. cxd4 Qxf3 12. gxf3 Ne7 13. Nc3 g5 14. f4 g4 15. hxg4 hxg4 16. f5 Rb8 17. Kg2 Bg7 18. Be3 Rxb2 19. Rab1 Rxb1 20. Rxb1 Kd7 21. Rb7 c5 22. dxc5 Bxc3 23. cxd6 Kxd6 24. Bf4+ Be5 25. Bxe5+ Kxe5 26. Rxc7 Re8 27. f3 Kf4 28. fxg4 Kxg4 29. f6 Ng6 30. Rxf7 Rxe4 31. Rg7 Kh5 32. f7 Rf4 33. Kg3 Rf6 34. a4 Kh6 35. Rg8 Rxf7 36. Ra8 Rf6 37. a5 Kg5 38. Rb8 Ne5 39. Re8 Kf5 40. Kf2 Ke4+ 41. Ke2 Rd6 42. Rc8 Kd4 43. Kd1 Nc4 44. Rh8 Nxa5 45. Kc2 Kc4 46. Rh5 Rd5 47. Rh4+ Kb5 48. Rh7 Rc5+ 49. Kb2 Nc6 50. Rb7+ Ka4 51. Rc7 a5 52. Rc8 Kb4 53. Rc7 Nd4 54. Rb7+ Rb5 55. Rh7 a4 56. Ka2 Nb3 57. Rh4+ Ka5 58. Rh3 Nc1+ 59. Ka1 Ne2 60. Re3 Nd4 61. Re4 Nb3+ 62. Ka2 Nc1+ 63. Ka1 Nd3 64. Rd4 Nc5 65. Rf4 Rb4 66. Rf5 Rc4 67. Ka2 Kb4 68. Rf2 Nb3 69. Rb2 Rc3 70. Rf2 Rc4 71. Rb2 Rc1 72. Rh2 Ra1+ 73. Kb2 a3+ 74. Kc2 Ra2+ 75. Kb1 Ra1+ 76. Kc2 Re1 77. Rh4+ Ka5 78. Kxb3 a2 79. Kxa2 Re2+ 80. Kb3 Rg2 81. Rf4 Rg3+ 82. Kc4 Rg2 83. Rf3 Kb6 84. Kd5 Rg5+ 85. Kd6 Rg2 86. Rb3+ Ka5 87. Rc3 Kb4 88. Rc8 Rd2+ 89. Ke5 Re2+ 90. Kd4 Rd2+ 91. Ke3 Rd7 92. Rc6 Kb5 93. Rc1 Re7+ 94. Kd4 Rd7+ 95. Ke5 Re7+ 96. Kd6 Re2 97. Rd1 Kc4 98. Rc1+ Kd3 99. Kd5 Re8 100. Rd1+ Ke2 101. Ra1 Rd8+ 102. Ke6 Rh8 103. Ra5 Kd3 1/2-1/2


[Site "https://www.chess.com"]

[Event "Titled Tuesday Blitz May 16 Late 2023"]
[White "Karas, Marek"]
[Black "Kujawski, Adam"]
[WhiteFideId "14928558"]
[BlackFideId "1100920"]
[WhiteElo "2233"]
[BlackElo "2054"]
[Result "1-0"]
[Round "02"]
[TimeControl "180+2"]
[Date "2023.05.16"]
[WhiteClock "0:01:39"]
[BlackClock "0:00:13"]

1. d4 Nf6 2. Nf3 c5 3. d5 e6 4. Nc3 exd5 5. Nxd5 Nxd5 6. Qxd5 Be7 7. e4 Nc6 8. c3 d6 9. Bc4 Be6 10. Qd3 O-O 11. O-O a6 12. Rd1 Qc7 13. Bf4 Rad8 14. Bg3 b5 15. Bd5 h6 16. a4 c4 17. Qc2 Na5 18. axb5 axb5 19. Bxe6 fxe6 20. Nd4 Nb3 21. Nxb3 cxb3 22. Qxb3 Qc6 23. Qxe6+ Rf7 24. Ra7 1-0


[Site "https://www.chess.com"]

[Event "Titled Tuesday Blitz May 16 Late 2023"]
[White "Rose, Felix"]
[Black "SereneSalmon"]
[WhiteFideId "5105722"]
[WhiteElo "2039"]
[BlackElo "2497"]
[Result "0-1"]
[Round "02"]
[TimeControl "180+2"]
[Date "2023.05.16"]
[WhiteClock "0:00:12"]
[BlackClock "0:00:23"]

1. d4 Nf6 2. Nf3 d5 3. e3 e6 4. Bd3 b6 5. O-O Bb7 6. Nbd2 Nbd7 7. Re1 Ne4 8. c4 c5 9. cxd5 exd5 10. dxc5 Nexc5 11. Nb3 Nxd3 12. Qxd3 Be7 13. Bd2 O-O 14. Bc3 Nc5 15. Qc2 Rc8 16. Nxc5 bxc5 17. Qd2 Re8 18. Rac1 Bd6 19. b3 Qd7 20. Bb2 Qg4 21. h3 Qg6 22. Qe2 d4 23. Nh4 Qg5 24. Qg4 Qxg4 25. hxg4 dxe3 26. Rxe3 Rxe3 27. fxe3 g6 28. Kf2 Re8 29. Nf3 Bc8 30. g5 Bf5 31. Ba3 Rc8 32. Nd2 Be7 33. Kf3 Bxg5 34. Rxc5 Re8 35. e4 Bc8 36. Nc4 Be7 37. Ra5 Bb7 38. Bxe7 Rxe7 39. Ke3 Rxe4+ 40. Kd3 Rg4 41. Rxa7 Bxg2 42. a4 h5 43. a5 h4 44. a6 h3 45. Re7 h2 46. Re8+ Kg7 47. Ne3 h1=Q 48. Nxg4 Qd1+ 49. Kc3 Qxg4 50. a7 Qg3+ 51. Kb2 Qc7 52. a8=Q Bxa8 53. Rxa8 Qe5+ 54. Ka2 g5 55. Ra4 Qe2+ 56. Ka3 g4 57. Rxg4+ Qxg4 58. b4 f5 59. b5 f4 60. b6 Qd7 61. b7 Qxb7 62. Ka4 f3 63. Ka5 f2 0-1


[Site "https://www.chess.com"]

[Event "Titled Tuesday Blitz May 16 Late 2023"]
[White "Shtivelband, Richard"]
[Black "Martic, Ivan"]
[WhiteFideId "2017342"]
[BlackFideId "929301"]
[WhiteElo "2297"]
[BlackElo "2360"]
[Result "1-0"]
[Round "02"]
[TimeControl "180+2"]
[Date "2023.05.16"]
[WhiteClock "0:00:12"]
[BlackClock "0:00:14"]

1. d4 Nf6 2. c4 e6 3. g3 d5 4. Nf3 Bb4+ 5. Bd2 Be7 6. Nc3 c6 7. c5 O-O 8. Qc2 b6 9. cxb6 axb6 10. e4 dxe4 11. Nxe4 Nxe4 12. Qxe4 Qd5 13. Bd3 Qxe4+ 14. Bxe4 Ba6 15. O-O-O f5 16. Bc2 Be2 17. Ng5 Bxg5 18. Bxg5 Bxd1 19. Rxd1 Nd7 20. Bb3 Rfe8 21. Re1 Kf7 22. Bf4 Nf6 23. Bd6 Nd5 24. a3 Rad8 25. Be5 g5 26. Kb1 h6 27. Rc1 Rc8 28. Ba4 b5 29. Bd1 Red8 30. Bh5+ Ke7 31. h3 Kd7 32. Rc2 Ra8 33. Bf3 Ra4 34. Bd1 Ra7 35. Bg7 Ke7 36. Be2 Kf7 37. Be5 Rc8 38. Bxb5 Ne7 39. Be2 Rd7 40. Bf3 Nd5 41. Ka2 Rb7 42. b4 Ra7 43. Kb3 Rb7 44. Rc5 Ke7 45. Be2 Kd7 46. Ba6 Rcc7 47. Bxc7 Rxc7 48. Bc4 Nf6 49. Bd3 Kd6 50. a4 Nd7 51. Rc2 Kd5 52. Kc3 e5 53. Bc4+ Kd6 54. dxe5+ Nxe5 55. Rd2+ Ke7 56. Be2 f4 57. a5 f3 58. Bf1 h5 59. a6 g4 60. h4 Ke6 61. Ra2 Ra7 62. Kd4 Kd6 63. Bc4 Nd7 64. Bf7 Nf6 65. Bc4 Nd7 66. Ra5 Nf6 67. Bb3 Ke7 68. Ke5 Nd7+ 69. Kf5 Nb6 70. Kg5 Kd6 71. Kxh5 Nd5 72. Kxg4 Nxb4 73. Bc4 Nc2 74. Kxf3 Nd4+ 75. Kg2 Nc2 76. Rh5 Na3 77. Be2 c5 78. Rh6+ Kd5 79. h5 c4 80. Bf3+ Kd4 81. Rd6+ Kc5 82. Rc6+ Kd4 83. Rd6+ Kc5 84. Rd1 c3 85. Bb7 c2 86. Rc1 Kd4 87. h6 Kc3 88. h7 Kd2 89. Rxc2+ Nxc2 90. h8=Q Ne1+ 91. Kh2 Nd3 92. Qd4 Ke2 93. Qxa7 Nxf2 94. Qb8 Kf1 95. g4 Nxg4+ 96. Kg3 Nf2 97. a7 Kg1 98. a8=Q Ne4+ 99. Kf4 Kf1 100. Ke5 Kf2 101. Ke6 Ke3 102. Kd7 Nc5+ 103. Kc8 Na6 104. Qxa6 Kd4 105. Qc7 Ke3 106. Qad6 Kf2 107. Qce7 Kg1 108. Qdd8 Kf2 109. Bc6 Kg1 110. Bd7 Kf1 111. Qdf8+ Kg1 112. Qeg7+ Kh1 113. Qfh8# 1-0


[Site "https://www.chess.com"]

[Event "Titled Tuesday Blitz May 16 Late 2023"]
[White "Sanchez Enriquez, Oscar Gerardo"]
[Black "Ward, Ieuan C"]
[WhiteFideId "5106311"]
[BlackFideId "406627"]
[WhiteElo "2387"]
[BlackElo "2296"]
[Result "1-0"]
[Round "02"]
[TimeControl "180+2"]
[Date "2023.05.16"]
[WhiteClock "0:00:34"]
[BlackClock "0:00:10"]

1. d4 e5 2. dxe5 Nc6 3. Nf3 Qe7 4. Bf4 Qb4+ 5. Bd2 Qxb2 6. Nc3 Bb4 7. Rb1 Qa3 8. Rb3 Qa5 9. a3 Bxc3 10. Bxc3 Qc5 11. e3 Nge7 12. Bb2 a6 13. Be2 O-O 14. O-O Ng6 15. a4 Re8 16. Qa1 Ncxe5 17. Nd4 d6 18. Rc3 Qa5 19. Nb3 Qd5 20. Rxc7 b5 21. Rd1 Qe4 22. Rd4 Qf5 23. axb5 Bd7 24. bxa6 Bc6 25. Rxd6 Qg5 26. Rcxc6 Nxc6 27. Rxc6 Nh4 28. Qf1 Rad8 29. Rc5 Qg6 30. Bd3 Qg4 31. h3 Qb4 32. Rc4 Qe7 33. Re4 Qg5 34. Rg4 Qf6 35. Bxf6 1-0


[Site "https://www.chess.com"]

[Event "Titled Tuesday Blitz May 16 Late 2023"]
[White "ArtemDyachuk"]
[Black "Vifleemskaia, Svetlana"]
[BlackFideId "4129490"]
[WhiteElo "2493"]
[BlackElo "1930"]
[Result "1-0"]
[Round "02"]
[TimeControl "180+2"]
[Date "2023.05.16"]
[WhiteClock "0:00:31"]
[BlackClock "0:00:12"]

1. e4 e5 2. Bc4 Nf6 3. d3 c6 4. Nf3 d5 5. Bb3 Bd6 6. O-O O-O 7. Nc3 d4 8. Ne2 Be6 9. Ng3 Re8 10. Nf5 Bf8 11. Bg5 Nbd7 12. c3 Bxf5 13. exf5 Nc5 14. Bc2 h6 15. Bh4 e4 16. dxe4 d3 17. e5 dxc2 18. Qxc2 Qd3 19. Qxd3 Nxd3 20. exf6 gxf6 21. Rfd1 Nxb2 22. Rd7 Na4 23. Bxf6 Bg7 24. Bd4 c5 25. Bxg7 Kxg7 26. Rb1 b6 27. h4 Nxc3 28. Rb3 Ne4 29. Re3 Nf6 30. Rxe8 Nxe8 31. Ne5 Kf6 32. Ng4+ Kxf5 33. Nxh6+ Kg6 34. Nxf7 Nf6 35. Re7 Nd5 36. Rd7 Nf6 37. Rc7 Nd5 38. Rb7 c4 39. Ne5+ Kh5 40. Rh7# 1-0


[Site "https://www.chess.com"]

[Event "Titled Tuesday Blitz May 16 Late 2023"]
[White "Ezat, Mohamed"]
[Black "Georg, Heinz"]
[WhiteFideId "10600906"]
[BlackFideId "4607295"]
[WhiteElo "2386"]
[BlackElo "2293"]
[Result "1-0"]
[Round "02"]
[TimeControl "180+2"]
[Date "2023.05.16"]
[WhiteClock "0:00:15"]
[BlackClock "0:00:06"]

1. d4 e6 2. c4 f5 3. Nc3 Nf6 4. e3 Be7 5. Bd3 c5 6. Qc2 Nc6 7. Nge2 Nb4 8. Qb1 Nxd3+ 9. Qxd3 b6 10. O-O Bb7 11. d5 Qb8 12. Rd1 O-O 13. b3 g6 14. Bb2 e5 15. d6 Bd8 16. Nb5 Re8 17. f4 exf4 18. exf4 a6 19. Nc7 Rf8 20. Nxa8 Qxa8 21. Qg3 Ne4 22. Qe3 b5 23. Nc3 Bf6 24. Rab1 Nxc3 25. Bxc3 Bxc3 26. Qxc3 Bxg2 27. cxb5 axb5 28. Qxc5 Be4 29. Rb2 Rc8 30. Qd4 Qc6 31. Re2 Bf3 32. Rde1 Bxe2 33. Rxe2 Qf3 34. Qd2 Rc1+ 35. Qxc1 Qxe2 36. Qc8+ Kg7 37. Qxd7+ Kh6 38. Qe7 Qd1+ 39. Kf2 Qd2+ 40. Qe2 Qxd6 41. Kg3 g5 42. Qe3 Kg6 43. h4 gxf4+ 44. Qxf4 Qxf4+ 45. Kxf4 Kf6 46. a4 bxa4 47. bxa4 Ke6 48. a5 Kd5 49. Kxf5 Kc6 50. Kf6 Kb5 51. Kg7 Kxa5 52. Kxh7 Kb5 53. Kg7 Kc6 54. h5 Kd6 55. h6 1-0


[Site "https://www.chess.com"]

[Event "Titled Tuesday Blitz May 16 Late 2023"]
[White "Smiechu"]
[Black "Molenda, Marcin"]
[BlackFideId "1173065"]
[WhiteElo "2290"]
[BlackElo "2286"]
[Result "0-1"]
[Round "02"]
[TimeControl "180+2"]
[Date "2023.05.16"]
[WhiteClock "0:00:04"]
[BlackClock "0:00:13"]

1. e4 c6 2. d4 d5 3. f3 g6 4. Be3 Bg7 5. e5 c5 6. c3 Nc6 7. f4 Nh6 8. Bd3 cxd4 9. cxd4 Nf5 10. Bxf5 Bxf5 11. Nc3 O-O 12. g4 Bc8 13. h4 f6 14. h5 fxe5 15. fxe5 Be6 16. hxg6 hxg6 17. Qc2 Qe8 18. Qh2 Bxg4 19. Qh7+ Kf7 20. Nh3 Bxh3 21. Rxh3 Qd7 22. Rf3+ Ke8 23. Qxg6+ Kd8 24. Rxf8+ Bxf8 25. O-O-O Kc7 26. Kb1 e6 27. Rf1 Be7 28. Bg5 Rf8 29. Rh1 Bxg5 30. Qxg5 Kb6 31. Na4+ Kc7 32. Nc5 Qf7 33. a3 Nxd4 34. Rc1 Nc6 35. Qd2 Qf5+ 36. Ka1 Qxe5 37. Nd3 Qd4 38. Qh6 Re8 39. Qg6 Re7 40. Nc5 Qe3 41. Qc2 Kb8 42. Na6+ Ka8 43. Nb4 Rc7 44. Qh2 Qxc1+ 0-1


[Site "https://www.chess.com"]

[Event "Titled Tuesday Blitz May 16 Late 2023"]
[White "FoxOnTheRun97"]
[Black "StarkyNZ"]
[WhiteElo "2489"]
[BlackElo "2284"]
[Result "1-0"]
[Round "02"]
[TimeControl "180+2"]
[Date "2023.05.16"]
[WhiteClock "0:00:09"]
[BlackClock "0:00:08"]

1. d4 e6 2. c4 Nf6 3. Nc3 Bb4 4. g3 Ne4 5. Qc2 f5 6. Bg2 Bxc3+ 7. bxc3 O-O 8. Bxe4 fxe4 9. Qxe4 d5 10. Qd3 b6 11. cxd5 exd5 12. Nf3 Ba6 13. Qc2 Nc6 14. O-O Qe7 15. Be3 Rae8 16. Rfe1 Na5 17. Bg5 Qa3 18. Ne5 Nc4 19. Bf4 Re6 20. Qb3 Qa5 21. Qb4 Qxb4 22. cxb4 c6 23. e3 h6 24. h4 Nxe5 25. Bxe5 Bc4 26. a4 a6 27. Rec1 Kh7 28. Kg2 h5 29. a5 b5 30. f3 Rf7 31. Re1 Rg6 32. e4 Re6 33. Ra3 Rg6 34. Rae3 Re6 35. Bf4 Rfe7 36. Bg5 Re8 37. e5 Kg6 38. g4 Kh7 39. gxh5 Ba2 40. f4 Rf8 41. Kg3 Bc4 42. Kg4 g6 43. hxg6+ Kxg6 44. f5+ Rxf5 45. h5+ Kf7 46. Kxf5 1-0


[Site "https://www.chess.com"]

[Event "Titled Tuesday Blitz May 16 Late 2023"]
[White "Rodriguez Santiago, Jaime"]
[Black "Tomaszewski, Kacper"]
[WhiteFideId "3100898"]
[BlackFideId "1127373"]
[WhiteElo "2025"]
[BlackElo "2211"]
[Result "1-0"]
[Round "02"]
[TimeControl "180+2"]
[Date "2023.05.16"]
[WhiteClock "0:00:27"]
[BlackClock "0:00:08"]

1. c4 g6 2. Nc3 Bg7 3. g3 e6 4. Bg2 Ne7 5. e4 c5 6. Nge2 Nbc6 7. O-O O-O 8. d3 b6 9. Be3 Bb7 10. Rb1 Nd4 11. b4 Nxe2+ 12. Nxe2 cxb4 13. Rxb4 d5 14. exd5 exd5 15. c5 Nc6 16. Rb1 d4 17. Bf4 Na5 18. cxb6 Bxg2 19. Kxg2 axb6 20. Nc1 Nb7 21. Qf3 Nc5 22. Re1 Na4 23. Qc6 Nc3 24. Rxb6 Nd5 25. Rb2 Nxf4+ 26. gxf4 Bh6 27. Qf3 Qf6 28. Re4 Rfe8 29. Rbe2 Rxe4 30. Rxe4 Rd8 31. Ne2 Bf8 32. Ng3 h5 33. f5 h4 34. Ne2 gxf5 35. Rf4 Qg5+ 36. Kh3 Rd6 37. Rxf5 Qg7 38. Nf4 Rh6 39. Nh5 Qg1 40. Qg4+ Qxg4+ 41. Kxg4 h3 42. Kxh3 Kh7 43. Kg4 Kg6 44. Rf6+ Kh7 45. Rxh6+ Bxh6 46. Nf6+ Kg6 47. Ne4 f5+ 48. Kf3 fxe4+ 49. Kxe4 Bg7 50. f4 Kf7 51. a4 Ke6 52. h4 Kd6 53. a5 Kc5 54. Kf5 Kb5 55. Kg6 Bf8 56. h5 Kxa5 57. h6 Bxh6 58. Kxh6 Kb4 59. f5 Kc3 60. f6 Kxd3 61. f7 Kc2 62. f8=Q d3 63. Qc5+ Kd1 64. Kg5 d2 65. Kf4 Ke1 66. Qe3+ Kd1 67. Kf3 Kc2 68. Qc5+ Kb1 69. Qb4+ Kc1 70. Qc3+ Kd1 71. Ke3 1-0


[Site "https://www.chess.com"]